 Dungeon Crawl Stone Soup version 0.19.5 (webtiles) character file.

160 HAWKINGL3623 the Ruffian (level 5, -4/42 HPs)
             Began as a Ghoul Gladiator on Mar 6, 2017.
             Was a Follower of Ashenzari.
             Slain by antares's ghost (6 damage)
             ... on level 3 of the Dungeon.
             The game lasted 00:19:25 (1954 turns).

HAWKINGL3623 the Ruffian (Ghoul Gladiator)          Turns: 1954, Time: 00:19:26

Health: -4/42      AC:  8    Str: 18 (19) XL:     5   Next: 41%
Magic:  4/4        EV: 11    Int:  2 (4)  God:    Ashenzari [*.....]
Gold:   103        SH:  0    Dex:  6 (9)  Spells: 0 memorised, 4 levels left

rFire  . . .     SeeInvis .       - Unarmed
rCold  + . .     Gourm    .     f - +0 ring mail (curse)
rNeg   + + +     Faith    .     (no shield)
rPois  ∞         Spirit   .     b - +1 helmet (curse)
rElec  .         Reflect  .     (no cloak)
rCorr  .         Harm     .     (no gloves)
MR     .....                    g - +0 pair of boots (curse)
Stlth  ..........               (no amulet)
                                (no ring)
                                (no ring)

@: very slightly contaminated, rotting
A: rotting body, claws 1, carnivore 3, cold resistance 1, negative energy
resistance 3, slow regeneration 1, torment resistance, unbreathing
a: Curse Item, Scrying, Renounce Religion


You were on level 3 of the Dungeon.
You worshipped Ashenzari.
Ashenzari was aware of your devotion.
You were not hungry.

You visited 1 branch of the dungeon, and saw 3 of its levels.

You collected 103 gold pieces.

Inventory:

Missiles
 c - 2 throwing nets (quivered)
 e - 42 stones
Armour
 b - a cursed +1 helmet (worn)
 f - a cursed +0 ring mail (worn)
 g - a cursed +0 pair of boots (worn)
Wands
 n - a wand of flame (19/48)
Scrolls
 h - a scroll of amnesia
 i - 3 scrolls of remove curse
 l - a scroll of identify
Potions
 j - a potion of haste
 m - a potion of brilliance
Comestibles
 a - a beef jerky
 d - 2 meat rations
 k - 7 chunks of flesh


   Skills:
 + Level 2.6 Fighting
 + Level 2.9 Throwing
 + Level 1.3 Armour
 + Level 3.3 Dodging
 + Level 0.5 Stealth
 + Level 4.5 Unarmed Combat


You had 4 spell levels left.
You didn't know any spells.

Dungeon Overview and Level Annotations

Branches:
Dungeon (3/15)

Altars:
Ashenzari

Annotations:
D:3 antares's ghost, amateur MfBe


Innate Abilities, Weirdness & Mutations

Your body is rotting away.
You thrive on raw meat.
You are immune to poison.
You have sharp fingernails.
You are carnivorous and can eat meat at any time.
Your flesh is cold resistant. (rC+)
You are immune to negative energy. (rN+++)
You regenerate slowly when monsters are visible.
You are immune to unholy pain and torment.
You can survive without breathing.


Message History

Zapping:
n - a wand of flame (20/48)
Press: ? - help, Shift-Dir - straight line, f - rat, p - antares's ghost
Aim: a rat The puff of flame hits the kobold.
You kill the kobold!
This wand has 19 charges left.
Quiver which item? (- for none, * to show all) (? for menu, Esc to quit)
Quivering
c - 3 throwing nets for throwing.
Throwing (i - inventory. (,) - cycle):
c - 3 throwing nets (quivered)
Press: ? - help, Shift-Dir - straight line, f/p - rat
Aim: a rat You throw a throwing net.
The throwing net closely misses antares's ghost.
The throwing net closely misses the rat.
You scratch antares's ghost.
Antares's ghost is severely damaged.
You barely miss antares's ghost.
Antares's ghost is severely damaged.
Antares's ghost hits you.
You die...

#########
##(...rW@#
#..#######
##.## #..#
##.##
##..#
###..##
###.@.##
##.@.###


You could see antares's ghost and a rat.

Vanquished Creatures
  An orc wizard (D:3)
  Ijyb (D:3)
  Terence (D:3)
  2 adders (D:2)
  An ooze (D:2)
  2 worms
  A dart slug (D:1)
  A leopard gecko (D:2)
  3 orcs (D:3)
  3 bats
  2 giant cockroaches
  2 goblins
  10 hobgoblins
  2 jackals (D:1)
  8 kobolds
  2 quokkas (D:3)
  A frilled lizard (D:3)
  4 rats
47 creatures vanquished.

Notes
Turn   | Place    | Note
-------+----------+-------------------------------------------
     0 | D:1      | HAWKINGL3623 the Ghoul Gladiator began the quest for the Orb.
     0 | D:1      | Reached XP level 1. HP: 17/17 MP: 0/0
   170 | D:1      | Reached XP level 2. HP: 24/24 MP: 1/1
   890 | D:2      | Reached XP level 3. HP: 20/30 MP: 2/2
   959 | D:2      | Found a faded altar of an unknown god.
   968 | D:2      | Became a worshipper of Ashenzari the Shackled
   968 | D:2      | Reached * piety under Ashenzari
  1267 | D:2      | Reached skill level 4 in Unarmed Combat
  1301 | D:2      | Reached XP level 4. HP: 29/37 MP: 3/3
  1837 | D:3      | Reached skill level 1 in Armour
  1861 | D:3      | Noticed Ijyb
  1870 | D:3      | Noticed antares's ghost (amateur MfBe)
  1875 | D:3      | Killed Ijyb
  1875 | D:3      | Reached XP level 5. HP: 39/42 MP: 4/4
  1892 | D:3      | HP: 1/42 [antares's ghost (4)]
  1901 | D:3      | Noticed Terence
  1943 | D:3      | HP: 2/42 [Terence/falchion of holy wrath (1)]
  1950 | D:3      | Killed Terence
  1954 | D:3      | Slain by antares's ghost

Skill      XL: |  1  2  3  4 |
---------------+-------------+-----
Throwing       | 2 |  2.9
Dodging        | 3 |  3.3
Unarmed Combat | 4 |  4.5
Armour         | 1 |  1.3
Fighting       | |  2.6
Stealth        | |  0.5

Action                   |  1- 3 |  4- 6 || total
-------------------------+-------+-------++-------
Melee: Unarmed           |    92 |    68 ||   160
       Punch             |     2 |       ||     2
Throw: Stone             |    70 |    29 ||    99
       Throwing net      |       |     1 ||     1
Invok: Curse Item        |       |     3 ||     3
Evoke: Wand              |       |     5 ||     5
  Use: Scroll            |     8 |     2 ||    10
       Potion            |     3 |     3 ||     6
  Eat: Chunk             |    15 |     2 ||    17
Armor: Ring mail         |    19 |    38 ||    57
       Leather armour    |     1 |       ||     1
Dodge: Dodged            |    38 |    37 ||    75
